 Dungeon Crawl Stone Soup version 0.24.0-28-g17ded55e90 (webtiles) character file.

Game seed: 6183969395855649013, levelgen mode: deterministic

133 Delamore the Chopper (level 5, -2/45 HPs)
             Began as a Hill Orc Fighter on Nov 11, 2019.
             Killed from afar by an orc wizard (4 damage)
             ... with a magic dart
             ... on level 3 of the Dungeon.
             The game lasted 00:02:14 (1354 turns).

Delamore the Chopper (Hill Orc Fighter)             Turns: 1354, Time: 00:02:15

Health: -2/45      AC:  6    Str: 20    XL:     5   Next: 16%
Magic:  5/5        EV:  7    Int:  8    God:
Gold:   97         SH:  9    Dex: 10    Spells: 4/4 levels left

rFire    . . .     SeeInvis .   a - +0 war axe
rCold    . . .     Gourm    .   c - +0 shield
rNeg     . . .     Faith    .   b - +0 scale mail
rPois    .         Spirit   .   (no helmet)
rElec    .         Reflect  .   (no cloak)
rCorr    .         Harm     .   (no gloves)
MR       .....                  (no boots)
Stlth    ..........             (no amulet)
HPRegen  0.15/turn              (no ring)
MPRegen  0.09/turn              (no ring)

@: no status effects
A: no striking features
a: no special abilities


You were on level 3 of the Dungeon.
You were not hungry.

You visited 1 branch of the dungeon, and saw 3 of its levels.

You collected 97 gold pieces.

Inventory:

Hand Weapons
 a - a +0 war axe (weapon)
Missiles
 h - 6 javelins (quivered)
Armour
 b - a +0 scale mail (worn)
 c - a +0 shield (worn)
Scrolls
 i - a scroll of teleportation {unknown}
 j - a scroll of amnesia {unknown}
 l - a scroll of remove curse {unknown}
 n - 3 scrolls of identify {unknown}
 o - a scroll of blinking {unknown}
Potions
 d - a potion of might
 e - 2 potions of curing
 g - a potion of haste {unknown}
 k - a potion of brilliance {unknown}
Comestibles
 f - 6 rations
 m - 6 chunks of flesh


   Skills:
 - Level 3.6 Fighting
 + Level 6.9 Axes
 - Level 3.2 Armour
 - Level 3.2 Shields


You had 4 spell levels left.
You didn't know any spells.
Your spell library contained the following spells:

 Spells                   Type           Power        Failure   Level  Hunger
 Beastly Appendage        Tmut           #.....       99%         1    ##.....
 Sticks to Snakes         Tmut           #.......     100%        2    ###....
 Spider Form              Tmut/Pois      #.........   100%        3    ####...
 Ice Form                 Ice/Tmut       #.......     100%        4    #####..
 Blade Hands              Tmut           #.........   100%        5    ######.


Dungeon Overview and Level Annotations

Branches:
Dungeon (3/15)

Altars:
The Shining One


Message History

The orc wizard hits you with a +0 dagger.
* * * LOW HITPOINT WARNING * * *
You barely miss the orc wizard.
The orc wizard is severely wounded.
The orc wizard hits you but does no damage.
You barely miss the orc wizard.
The orc wizard is severely wounded.
The orc wizard hits you but does no damage. x2
You miss the orc wizard.
The orc wizard is severely wounded.
The orc wizard hits you but does no damage.
The orc wizard gestures at you while chanting.
The magic dart hits you!
* * * LOW HITPOINT WARNING * * *
You closely miss the orc wizard.
The orc wizard is severely wounded.
The orc wizard completely misses you.
The orc wizard gestures at you while chanting.
The magic dart hits you.
You die...

#.# # #####.# .#
......#..#
###o######.....#..#...
....oo........#.. ..##
##'######.# ..... ...
#.......).###(#.# ..#
#.......).)...#.##..#
#...o@....###.#.##..#
#.........#.........#
#...........#.#.#...#
#.........#.....#...#
#.........#.....#...##
#.........#.....#.....
##+########....##.....
#....####.#. #....#
#.##


You could see an orc wizard.

Vanquished Creatures
  An orc priest (D:3)
  An orc wizard (D:3)
  An adder (D:3)
  2 worms (D:2)
  3 dart slugs
  A leopard gecko (D:2)
  6 orcs (D:3)
  4 giant cockroaches
  6 goblins
  6 hobgoblins
  A quokka (D:2)
  4 bats
  3 frilled lizards
  3 kobolds
  8 rats
50 creatures vanquished.

Notes
Turn   | Place    | Note
-------+----------+-------------------------------------------
     0 | D:1      | Delamore the Hill Orc Fighter began the quest for the Orb.
     0 | D:1      | Reached XP level 1. HP: 19/19 MP: 1/1
    23 | D:1      | Reached skill level 3 in Axes
    54 | D:1      | Reached XP level 2. HP: 26/26 MP: 2/2
   143 | D:1      | Reached skill level 4 in Axes
   241 | D:1      | Reached XP level 3. HP: 26/31 MP: 3/3
   608 | D:2      | Found a glowing golden altar of the Shining One.
   646 | D:2      | Reached skill level 5 in Axes
  1247 | D:3      | Reached XP level 4. HP: 39/39 MP: 4/4
  1337 | D:3      | Reached skill level 6 in Axes
  1338 | D:3      | Reached XP level 5. HP: 20/45 MP: 5/5
  1353 | D:3      | HP: 2/45 [orc wizard/magic dart (10)]
  1354 | D:3      | Killed from afar by an orc wizard

Levels and vault maps discovered:
D:1:      ebering_trefoil_3fold, layout_basic
D:2:      layout_basic, nicolae_tso_carved_into_rock, first_ration
D:3:      layout_basic

Skill      XL: |  1  2  3  4 |
---------------+-------------+-----
Axes           | 3 4 5 6 |  6.9
Fighting       | |  3.6
Armour         | |  3.2
Shields        | |  3.2

Action                   |  1- 3 |  4- 6 || total
-------------------------+-------+-------++-------
Melee: War axe           |   120 |    33 ||   153
  Use: Potion            |       |     1 ||     1
  Eat: Chunk             |       |     2 ||     2
Armor: Scale mail        |    61 |    17 ||    78
Dodge: Dodged            |    37 |    13 ||    50
Block: Shield            |    57 |    18 ||    75
